 Dungeon Crawl Stone Soup version 0.13.2 (webtiles) character file.

661 sanboga the Skirmisher (level 6, -2/51 HPs)
             Began as a Minotaur Chaos Knight on Mar 22, 2017.
             Slain by tigerclaw1896's ghost (3 damage)
             ... on Level 4 of the Dungeon on Mar 23, 2017.
             The game lasted 00:10:18 (3399 turns).

sanboga the Skirmisher (Minotaur Chaos Knight)      Turns: 3399, Time: 00:10:18

HP  -2/51        AC  5     Str 18      XL: 6   Next: 78%
MP  12/12        EV 12     Int  9      God:
Gold 202         SH  0     Dex  9 (10) Spells:  0 memorised,  5 levels left

Res.Fire  : + . .   See Invis. : .   a - +1 short sword (chaos)
Res.Cold  : + . .   Warding    : .   b - +2 leather armour
Life Prot.: . . .   Conserve   : .   (no shield)
Res.Poison: +       Res.Corr.  : .   (helmet restricted)
Res.Elec. : +       Clarity    : .   (no cloak)
Sust.Abil.: . .     Spirit.Shd : .   (no gloves)
Res.Mut.  : .       Stasis     : .   (no boots)
Res.Rott. : .       Flight     : .   (no amulet)
Saprovore : . . .                    (no ring)
                                     l - ring of magical power

@: slightly resistant to hostile enchantments, unstealthy
A: retaliatory headbutt, beak, horns 2
a: no special abilities


You were on level 4 of the Dungeon.
You were not hungry.

You visited 1 branch of the dungeon, and saw 4 of its levels.

You collected 182 gold pieces.

Inventory:

Hand weapons
 a - a +1,+1 short sword of chaos (weapon)
Armour
 b - a +2 leather armour (worn)
Comestibles
 c - 4 bread rations
 i - 4 meat rations
Scrolls
 d - a scroll of fear
 e - 2 scrolls of teleportation
 j - 2 scrolls of blinking
 k - a scroll of curse armour {unknown}
 m - a scroll of remove curse
Jewellery
 l - a ring of magical power (left hand)
Potions
 f - 3 potions of brilliance
 g - a potion of speed


   Skills:
 + Level 5.1 Fighting
 + Level 5.0 Short Blades
 + Level 4.1 Armour
 + Level 4.2 Dodging
 + Level 1.8 Stealth


You had 5 spell levels left.
You didn't know any spells.

Dungeon Overview and Level Annotations

Branches:
Dungeon (4/27)
 Temple: D:4-7

Altars:

Annotations:
D:4 tigerclaw1896's ghost, average OpHe


Innate Abilities, Weirdness & Mutations

You reflexively headbutt those who attack you in melee.
You have a pair of horns on your head.
You have a beak for a mouth.


Message History

You are too injured to fight recklessly!
You are too injured to fight recklessly!
You are too injured to fight recklessly!
You are too injured to fight recklessly!
You are too injured to fight recklessly!
You are too injured to fight recklessly!
You are too injured to fight recklessly!
You are too injured to fight recklessly!
You are too injured to fight recklessly!
You are too injured to fight recklessly!
You are too injured to fight recklessly!
You are too injured to fight recklessly!
You are too injured to fight recklessly!
You are too injured to fight recklessly!
You are too injured to fight recklessly!
You are too injured to fight recklessly!
Drink which item? (? for menu, Esc to quit)
You feel protected.
It was a potion of resistance.
Tigerclaw1896's ghost hits you.
You die...

#..........#
#.###...####
#. #...# #
#...#
###..#########
..#..........#
#
#?##.#######.#
# #p##.#
###### #@##.#
......#
#######.##.#
#####.
#..........# #
..>####.#### #
..?# #.....
#.#### #. .


You could see tigerclaw1896's ghost.

Vanquished Creatures
  Eustachio (D:4)
  A phantom (D:4)
  A quasit (D:4)
  An orc priest (D:3)
  An orc wizard (D:4)
  Jessica (D:2)
  5 adders
  4 gnolls (D:4)
  A worm (D:2)
  A giant eyeball (shapeshifter) (D:2)
  2 giant geckos (D:2)
  An ooze (D:2)
  7 orcs
  11 hobgoblins
  8 bats
  8 giant cockroaches
  A giant newt (D:4)
  8 goblins
  A hobgoblin skeleton (D:3)
  9 kobolds
  11 rats
84 creatures vanquished.

Notes
Turn   | Place    | Note
--------------------------------------------------------------
     0 | D:1      | sanboga, the Minotaur Chaos Knight, began the quest for the Orb.
     0 | D:1      | Reached XP level 1. HP: 17/17 MP: 1/1
   225 | D:1      | XOM: divination: magic mapping
   509 | D:1      | Reached XP level 2. HP: 22/24 MP: 1/1
   576 | D:1      | Reached skill level 4 in Fighting
   773 | D:1      | XOM is BORED!
   773 | D:1      | XOM: mild Necr miscast
   905 | D:1      | XOM: vitrification
  1015 | D:2      | Fell from the grace of Xom
  1098 | D:2      | Reached XP level 3. HP: 29/29 MP: 2/2
  1302 | D:2      | Noticed Jessica
  1307 | D:2      | Killed Jessica
  1316 | D:2      | Reached XP level 4. HP: 15/37 MP: 2/2
  1533 | D:2      | Gained mutation: You have a beak for a mouth. [potion of beneficial mutation]
  2298 | D:3      | Reached XP level 5. HP: 31/45 MP: 2/2
  2402 | D:3      | Reached skill level 5 in Fighting
  2882 | D:4      | Noticed a phantom
  2892 | D:4      | Killed a phantom
  2892 | D:4      | Reached skill level 1 in Stealth
  2986 | D:4      | Reached XP level 6. HP: 41/51 MP: 3/3
  3103 | D:4      | Noticed Eustachio
  3132 | D:4      | Killed Eustachio
  3132 | D:4      | Reached skill level 5 in Short Blades
  3392 | D:4      | Noticed tigerclaw1896's ghost (average OpHe)
  3398 | D:4      | HP: 1/51 [tigerclaw1896's ghost (15)]
  3399 | D:4      | Slain by tigerclaw1896's ghost

Action                   |  1- 3 |  4- 6 || total
-------------------------+-------+-------++-------
Melee: Short sword       |    78 |   176 ||   254
Invok: Renounce Religion |     1 |       ||     1
  Use: Scroll            |       |    12 ||    12
       Potion            |       |     9 ||     9
 Stab: Paralysed         |     1 |     2 ||     3
